 Dungeon Crawl Stone Soup version 0.21-a0-633-g4c047d5 (webtiles) character file.

125 mortelune the Firebug (level 4, -1/36 HPs)
             Began as a Draconian Fire Elementalist on Dec 28, 2017.
             Slain by a hobgoblin (5 damage)
             ... led by Robin
             ... on level 3 of the Dungeon.
             The game lasted 00:10:08 (3237 turns).

mortelune the Firebug (Draconian Fire Elementalist) Turns: 3237, Time: 00:10:08

Health: -1/36      AC:  5    Str: 11    XL:     4   Next: 82%
Magic:  5/8        EV: 12    Int: 16    God:
Gold:   150        SH:  4    Dex: 11    Spells: 2/8 levels left

rFire    . . .     SeeInvis +   p - +0 mace
rCold    . . .     Gourm    .   (no shield)
rNeg     . . .     Faith    .   (armour unavailable)
rPois    .         Spirit   .   (helmet restricted)
rElec    .         Reflect  +   (no cloak)
rCorr    .         Harm     .   (no gloves)
MR       .....                  (no boots)
Stlth    ++........             i - +4 amulet of reflection
HPRegen  0.12/turn              d - ring of see invisible
MPRegen  0.11/turn              (no ring)

@: no status effects
A: unfitting armour, cold-blooded, AC +5
a: no special abilities


You were on level 3 of the Dungeon.
You were not hungry.

You visited 1 branch of the dungeon, and saw 3 of its levels.

You collected 150 gold pieces.

Inventory:

Hand Weapons
 f - a +0 dagger
 p - a +0 mace (weapon)
Missiles
 n - a throwing net (quivered)
Jewellery
 d - a ring of see invisible (left hand)
 i - a +4 amulet of reflection (around neck)
Scrolls
 c - a scroll of noise {unknown}
 h - a scroll of immolation {unknown}
 m - a scroll of remove curse
 s - a scroll of amnesia {unknown}
 t - a scroll of identify
Potions
 e - a potion of magic {unknown}
 g - 2 potions of agility
 j - 2 potions of mutation
 k - a potion of heal wounds {unknown}
 r - a potion of degeneration {unknown}
Books
 a - a book of Flames

   Spells                             Type                      Level
   a - Flame Tongue                   Conjuration/Fire             1
   b - Throw Flame                    Conjuration/Fire             2
   c - Conjure Flame                  Conjuration/Fire             3
   d - Inner Flame                    Hexes/Fire                   3
   e - Sticky Flame                   Conjuration/Fire             4
   f - Fireball                       Conjuration/Fire             5
Comestibles
 b - 6 rations
 q - 5 chunks of flesh


   Skills:
 + Level 2.0 Fighting
 - Level 1.7 Dodging
 - Level 1.7 Stealth
 + Level 2.7 Spellcasting
 * Level 3.0 Conjurations
 + Level 3.6 Fire Magic


You had 2 spell levels left.
You knew the following spells:

 Your Spells              Type           Power        Failure   Level  Hunger
a - Flame Tongue          Conj/Fire      ##...        4%          1    #......
b - Throw Flame           Conj/Fire      ##....       8%          2    ##.....
c - Conjure Flame         Conj/Fire      ##......     14%         3    ###....


Dungeon Overview and Level Annotations

Branches:
Dungeon (3/15)

Altars:
Cheibriados

Annotations:
D:3 Robin, Sigmund


Innate Abilities, Weirdness & Mutations

Your plain brown scales are hard. (AC +5)
You cannot fit into any form of body armour.
You are cold-blooded and may be slowed by cold attacks.


Message History

The leopard gecko bites you but does no damage.
The goblin hits you.
The leopard gecko bites you but does no damage.
The goblin hits you but does no damage. The leopard gecko bites you.
* * * LOW HITPOINT WARNING * * *
Your surroundings seem slightly different.
Robin roars a battlecry!
The goblins go into a battle-frenzy!
The goblin unwields an uncursed club.
The goblin wields a hunting sling.
The goblin shoots a stone.
The stone hits you.
* * * LOW HITPOINT WARNING * * *
Okay, then.
Okay, then.
The adder closely misses you.
Robin's bangles clink loudly.
The orc hits you but does no damage. The leopard gecko closely misses you.
The leopard gecko bites you.
* * * LOW HITPOINT WARNING * * *
The hobgoblin hits you.
You die...

##############
#....S.......#
#..g@og......#
#..gglg......#
#...gggg.....#
#...g.g......#
###.
#...g..g.....#
....
.'..........>.#
###............#
#............#
............#


You could see Robin, an adder, an orc, a leopard gecko, 2 hobgoblins and 10
goblins.

Vanquished Creatures
  A hound skeleton (D:2)
  4 adders
  2 worms (D:2)
  4 dart slugs
  7 leopard geckos
  2 orcs
  2 bats
  3 giant cockroaches
  4 hobgoblins
  4 jackals
  6 kobolds
  A quokka (D:2)
  4 frilled lizards
  5 goblins
  7 rats
56 creatures vanquished.

Notes
Turn   | Place    | Note
-------+----------+-------------------------------------------
     0 | D:1      | mortelune the Draconian Fire Elementalist began the quest for the Orb.
     0 | D:1      | Reached XP level 1. HP: 14/14 MP: 3/3
   251 | D:1      | Reached XP level 2. HP: 22/22 MP: 0/5
   316 | D:1      | Learned a level 2 spell: Throw Flame
   696 | D:1      | Reached skill level 1 in Fighting
   780 | D:1      | Reached XP level 3. HP: 27/28 MP: 0/6
   837 | D:1      | Learned a level 3 spell: Conjure Flame
   915 | D:1      | Found a snail-covered altar of Cheibriados.
  2111 | D:2      | Reached XP level 4. HP: 27/35 MP: 0/7
  3191 | D:3      | Noticed Sigmund
  3231 | D:3      | Noticed Robin
  3237 | D:3      | Slain by a hobgoblin

Vault maps used:
D:1:      lightli_arrival_quake, cheibriados_altar_1
D:3:      first_ration, uniq_ijyb, uniq_robin, uniq_grinder, uniq_sigmund

Skill      XL: |  1  2  3  4 |
---------------+-------------+-----
Fighting       | 1 2 |  2.0
Conjurations   | 2 3 |  3.0
Dodging        | |  1.7
Stealth        | |  1.7
Spellcasting   | |  2.7
Fire Magic     | |  3.6

Action                   |  1- 3 |  4- 6 || total
-------------------------+-------+-------++-------
Melee: Unarmed           |     7 |       ||     7
       Dagger            |     4 |       ||     4
       Mace              |     8 |    16 ||    24
 Cast: Flame Tongue      |    59 |    38 ||    97
       Throw Flame       |     7 |     4 ||    11
       Conjure Flame     |     1 |     2 ||     3
  Use: Scroll            |       |     7 ||     7
       Potion            |       |     1 ||     1
 Stab: Sleeping          |       |     1 ||     1
  Eat: Chunk             |     5 |     4 ||     9
Armor: Skin              |    11 |    17 ||    28
Dodge: Dodged            |    29 |    18 ||    47
Block: Other             |     4 |     9 ||    13

Table legend:
 A = Spawn XP
 B = Non-spawn XP
 C = Spawn XP percentage of total XP
 D = Spawn monster count
 E = Non-spawn monster count
 F = Spawn count percentage of total count
 G = Total turns spent on level
                    A         B        C        D         E        F      G
               +---------+---------+-------+---------+---------+-------+---------
         Total |       0 |     179 |   0.0 |       0 |      56 |   0.0 |  3237
               +---------+---------+-------+---------+---------+-------+---------
           D:1 |       0 |      44 |   0.0 |       0 |      22 |   0.0 |  1103
           D:2 |       0 |     106 |   0.0 |       0 |      25 |   0.0 |  1860
           D:3 |       0 |      29 |   0.0 |       0 |       9 |   0.0 |   274
               +---------+---------+-------+---------+---------+-------+---------
